 Dungeon Crawl Stone Soup version 0.25-a0-110-ge29c8f2358 (webtiles) character file.

Game seed: 1915202836909220999, levelgen mode: deterministic

28 Leeroy the Slasher (level 2, 0/24 HPs)
             Began as a Draconian Skald on Nov 19, 2019.
             Succumbed to an adder's poison
             ... on level 2 of the Dungeon.
             The game lasted 00:01:23 (870 turns).

Leeroy the Slasher (Draconian Skald)                 Turns: 870, Time: 00:01:23

Health: 0/24       AC:  4    Str: 13    XL:     2   Next: 96%
Magic:  5/5        EV: 12    Int: 13    God:
Gold:   82         SH:  0    Dex: 10    Spells: 4/5 levels left

rFire    . . .     SeeInvis .   a - +0 falchion
rCold    . . .     Gourm    .   (no shield)
rNeg     . . .     Faith    .   (armour unavailable)
rPois    .         Spirit   .   (helmet restricted)
rElec    .         Reflect  .   (no cloak)
rCorr    .         Harm     .   (no gloves)
MR       .....                  (no boots)
Stlth    +.........             (no amulet)
HPRegen  0.08/turn              (no ring)
MPRegen  0.09/turn              (no ring)

@: lethally poisoned (0 -> -4)
A: unfitting armour, cold-blooded, AC +4
a: no special abilities


You were on level 2 of the Dungeon.
You were not hungry.

You visited 1 branch of the dungeon, and saw 2 of its levels.

You collected 82 gold pieces.

Inventory:

Hand Weapons
 a - a +0 falchion (weapon)
 f - a +0 dagger
 o - a +0 short sword
Missiles
 b - 6 boomerangs (quivered)
 g - 7 stones
Armour
 d - a +0 buckler
 m - a +0 shield
Jewellery
 i - a cursed ring of attention {unknown}
Scrolls
 e - 2 scrolls of remove curse {unknown}
Potions
 h - 2 potions of brilliance {unknown}
 j - a potion of mutation {unknown}
 k - a potion of ambrosia {unknown}
 l - a potion of degeneration {unknown}
 n - a potion of cancellation {unknown}
Comestibles
 c - 6 rations


   Skills:
 - Level 2.1 Fighting
 + Level 3.5 Long Blades
 - Level 2.1 Dodging
 - Level 2.0 Spellcasting
 - Level 2.6 Charms


You had 4 spell levels left.
You knew the following spells:

 Your Spells              Type           Power        Failure   Level  Hunger
a - Infusion              Chrm           #...         9%          1    ##.....

Your spell library contained the following spells:

 Spells                   Type           Power        Failure   Level  Hunger
 Song of Slaying          Chrm           #.......     13%         2    ###....
 Shroud of Golubria       Chrm/Tloc      #.....       22%         2    ###....
 Regeneration             Chrm/Necr      #.........   41%         3    ####...
 Spectral Weapon          Hex/Chrm       #.......     41%         3    ####...


Dungeon Overview and Level Annotations

Branches:
Dungeon (2/15)

Altars:
Cheibriados


Innate Abilities, Weirdness & Mutations

Your plain brown scales are hard. (AC +4)
You cannot fit into any form of body armour.
You are cold-blooded and may be slowed by cold attacks.


Message History

The adder is lightly wounded.
The adder bites you.
You barely miss the adder. The adder bites you but does no damage.
The adder bites you.
You barely miss the adder. The adder barely misses you.
You riposte.
You closely miss the adder. You hit the adder but do no damage.
The adder bites you but does no damage. The adder bites you.
* * * LOW HITPOINT WARNING * * *
You hit the adder but do no damage. The adder misses you.
You riposte.
You miss the adder. You hit the adder.
The adder is heavily wounded.
The adder bites you.
* * * LOW HITPOINT WARNING * * *
You are lethally poisoned!
The adder poisons you!
You miss the adder.
The adder is heavily wounded.
You die...

#.#.###. ..> ##.#.#..> ..
#..#.#.## .. #..#.#.# #
.# #.##....#.# #$ .##
#.#.....#.#
.###.####.##.#.#.#.#...##
<........S##.#.#.#.#.....
........@..#.#.#.#.#..#.#
.#####.####.#.#.#.......
#.####.#.#.#.##.#.#
#....#.#.#.#.##....
####....#.#.#.#....#.#
.##.≈≈≈.###.#.#.##.#....
...≈≈≈≈≈###.#.#.##.####.
#..≈≈.≈≈_##.#.#.##.# #.
##.≈≈≈≈†###.#...##.# ##


You could see an adder.

Vanquished Creatures
  A worm (D:2)
  A dart slug (D:2)
  3 bats
  2 giant cockroaches (D:1)
  5 goblins
  2 hobgoblins (D:1)
  3 kobolds
  A frilled lizard (D:1)
  4 rats (D:1)
22 creatures vanquished.

Notes
Turn   | Place    | Note
-------+----------+-------------------------------------------
     0 | D:1      | Leeroy the Draconian Skald began the quest for the Orb.
     0 | D:1      | Reached XP level 1. HP: 17/17 MP: 3/3
   137 | D:1      | Reached XP level 2. HP: 18/24 MP: 5/5
   352 | D:1      | Reached skill level 3 in Long Blades
   848 | D:2      | Found a snail-covered altar of Cheibriados.
   869 | D:2      | HP: 1/24 [adder (4)]
   870 | D:2      | Succumbed to an adder's poison

Levels and vault maps discovered:
D:1:      dpeg_arrival_tiny_a, layout_loops_ring, minmay_crystal_water
D:2:      layout_loops_ring, kennysheep_slug_shrine, yredelemnul_altar_generic,
          serial_co_window_serial, co_window_corner_a, co_window_paths_b,
          co_window_paths_b, co_window_corner_a, co_window_paths_a,
          co_window_paths_b, co_window_paths_a, co_window_2corner,
          co_window_cross_4, co_window_broadway_a, co_window_paths_c,
          glass_columns_b, glass_columns_a, glass_columns_b, glass_columns_b,
          glass_columns_b, nemelex_lonely_heart_becter

Skill      XL: |  1  2 |
---------------+-------+-----
Long Blades    | 3 |  3.5
Fighting       | |  2.1
Dodging        | |  2.1
Spellcasting   | |  2.0
Charms         | |  2.6

Action                   || total
-------------------------++-------
Melee: Falchion          ||    79
       Tailslap          ||     9
 Stab: Sleeping          ||     1
Armor: Skin              ||    26
Dodge: Dodged            ||    57
       Rpst.: Falchion   ||    15

Table legend:
 A = Non-vault XP
 B = Vault XP
 C = Vault XP percentage of total XP
 D = Non-vault monster count
 E = Vault monster count
 F = Vault count percentage of total count
                 A         B        C        D         E       F
            +---------+---------+-------+---------+---------+-------
      Total |      36 |       4 |  10.0 |      21 |       1 |   4.5
            +---------+---------+-------+---------+---------+-------
        D:1 |      26 |       0 |   0.0 |      17 |       0 |   0.0
        D:2 |      10 |       4 |  28.6 |       4 |       1 |  20.0
            +---------+---------+-------+---------+---------+-------
